 Dungeon Sprint DCSS version 0.27-a0-1202-ge72e49191c (webtiles) character file.

Game seed: 3972394025016989873

170 night the Grappler (level 5, -12/50 HPs)
             Began as a Troll Fighter on June 3, 2021.
             Was an Initiate of Gozag.
             Mangled by a komodo dragon (30 damage)
             ... in the Dungeon (Sprint IX: "|||||||||||||||||||||||||||||").
             The game lasted 00:01:17 (134 turns).

night the Grappler (Troll Fighter)                   Turns: 134, Time: 00:01:18

Health: -12/50     AC:  5    Str: 27    XL:     5   Next: 26%
Magic:  4/4        EV: 11    Int:  5    God:    Gozag
Gold:   0          SH: 10    Dex:  9    Spells: 4/4 levels left

rFire    . . .     SeeInvis .     - Unarmed
rCold    . . .     Faith    .   b - +0 kite shield
rNeg     . . .     Spirit   .   a - +0 robe
rPois    .         Reflect  .   (helmet restricted)
rElec    .         Harm     .   l - +0 cloak
rCorr    .         Rampage  .   (gloves unavailable)
Will     .....     NoTele   +   (boots unavailable)
Stlth    +.........             (no amulet)
HPRegen  1.16/turn              m - +3 ring of strength
MPRegen  0.09/turn              n - +2 ring of evasion

@: no status effects
A: large, unfitting armour, claws 3, regeneration 1, shaggy fur 1, tough skin 1
a: Renounce Religion, Potion Petition, Call Merchant, Bribe Branch


You were in the Dungeon.
You worshipped Gozag.
Gozag was noncommittal.
You visited 1 branch

Inventory:

Armour
 a - a +0 robe (worn)
 b - a +0 kite shield (worn)
 l - a +0 cloak (worn)
Jewellery
 m - a +3 ring of strength (left claw)
 n - a +2 ring of evasion (right claw)
Wands
 k - a wand of acid (10)
Scrolls
 i - 2 scrolls of blinking
 j - 2 scrolls of amnesia
Potions
 c - a potion of might
 d - a potion of invisibility
 e - 2 potions of heal wounds
 f - a potion of haste
 g - 4 potions of magic
 h - 4 potions of curing


   Skills:
 - Level 2.4 Fighting
 - Level 2.4 Dodging
 + Level 5.7 Shields
 * Level 9.0 Unarmed Combat


You had 4 spell levels left.
You didn't know any spells.
Your spell library was empty.

Dungeon Overview and Level Annotations

Branches:
Dungeon (1/1)

Altars:
Cheibriados
Dithmenos
Elyvilon
Fedhas
Gozag
Hepliaklqana
Kikubaaqudgha
Makhleb
Nemelex Xobeh
Okawaru
Qazlal
Ru
Sif Muna
Trog
Uskayaw
Vehumet
Wu Jian
Xom
Yredelemnul
Zin
The Shining One
Beogh
Jiyva
Lugonu


Innate Abilities, Weirdness & Mutations

You are too large for most types of armour.
You have claws for hands.
Your natural rate of healing is unusually fast.
You are covered in fur. (AC +1)
You have tough skin. (AC +1)


Message History

There is a glowing silver altar of Zin here.
There is a glowing golden altar of the Shining One here.
You open the door.
Found five items.
Found a +1 chain mail.
There is an open door here.
Found a +3 ring of strength.
g - 4 potions of magic (gained 2);
d - a potion of invisibility
e - 2 potions of heal wounds;
h - 4 potions of curing
Found a +2 ring of evasion.
j - 2 scrolls of amnesia;
i - 2 scrolls of blinking (gained 1)
k - a wand of acid (10)
Items here: )))))).
Okay, then.
You see here a +0 cloak.
You start putting on your armour.
You continue putting on your +0 cloak. x4
You finish putting on your +0 cloak.
You see here a +0 pair of boots.
You see here a +1 chain mail.
m - a +3 ring of strength You feel stronger.
m - a +3 ring of strength (left claw)
n - a +2 ring of evasion
n - a +2 ring of evasion (right claw)
You open the door.
A komodo dragon, a wyvern, 3 gnolls and a zombie come into view.
The komodo dragon hisses angrily.
The wyvern hisses angrily.
The gnoll sergeant shouts! x2
You claw the komodo dragon!
The komodo dragon is lightly wounded.
The komodo dragon bites you!!
You scratch the komodo dragon but do no damage.
The komodo dragon is lightly wounded.
The komodo dragon bites you!
You claw the komodo dragon!
The komodo dragon is heavily wounded.
The komodo dragon bites you!!
Ouch! That really hurt!
You die...
Your body crumbles into a pile of gold. $$$$$$ $$$$$ $ $ $ $$$$$ $ $ ▓▓▓▓▓▓▓▓▓▓▓▓▓▓▓▓▓▓▓▓▓▓▓▓ _______'..)..[[.@llgggZ. ▓▓▓▓▓▓▓▓▓▓▓▓▓▓▓▓▓▓▓▓▓▓▓▓

You could see a komodo dragon, a wyvern, 2 gnoll sergeants, a gnoll shaman and an adder zombie.

Vanquished Creatures
  A water moccasin (D)
  A jelly (D)
  An iguana (D)
  An adder skeleton (D)
  A dart slug (D)
  A bat (D)
  A giant cockroach (D)
  A hobgoblin (D)
  A ball python zombie (D)
  A frilled lizard (D)
10 creatures vanquished.

Notes
Turn   | Place    | Note
-------+----------+-------------------------------------------
     0 | D        | night the Troll Fighter began the quest for the Orb.
     0 | D        | Reached XP level 1. HP: 22/22 MP: 0/0
    11 | D        | Reached skill level 3 in Unarmed Combat
    22 | D        | Noticed a jelly
    22 | D        | Noticed a water moccasin
    22 | D        | Noticed an iguana
    24 | D        | HP: 2/22 [acid (11)]
    25 | D        | Killed a jelly
    26 | D        | Reached skill level 5 in Unarmed Combat
    26 | D        | Reached XP level 2. HP: 4/29 MP: 1/1
    26 | D        | Reached XP level 3. HP: 5/36 MP: 2/2
    29 | D        | HP: 5/36 [water moccasin (4)]
    34 | D        | Killed a water moccasin
    34 | D        | HP: 7/54 [poisoned by a water moccasin]
    35 | D        | Reached skill level 5 in Shields
    35 | D        | Reached skill level 8 in Unarmed Combat
    35 | D        | Reached XP level 4. HP: 9/44 MP: 3/3
    35 | D        | Reached XP level 5. HP: 10/50 MP: 4/4
    39 | D        | Reached skill level 9 in Unarmed Combat
    39 | D        | HP: 5/75 [poisoned by a water moccasin]
    44 | D        | HP: 4/50 [poisoned by a water moccasin]
    81 | D        | Found a snail-covered altar of Cheibriados.
    81 | D        | Found a shadowy altar of Dithmenos.
    81 | D        | Found a white marble altar of Elyvilon.
    81 | D        | Found a blossoming altar of Fedhas.
    81 | D        | Found an opulent altar of Gozag.
    82 | D        | Found a hazy altar of Hepliaklqana.
    83 | D        | Found a viscous altar of Jiyva.
    84 | D        | Found an ancient bone altar of Kikubaaqudgha.
    85 | D        | Found a corrupted altar of Lugonu.
    86 | D        | Found a burning altar of Makhleb.
    87 | D        | Found a sparkling altar of Nemelex Xobeh.
    88 | D        | Found an iron altar of Okawaru.
    89 | D        | Became a worshipper of Gozag Ym Sagoz the Greedy
    90 | D        | Found a stormy altar of Qazlal.
    91 | D        | Found a sacrificial altar of Ru.
    92 | D        | Found a shimmering blue altar of Sif Muna.
    93 | D        | Found a bloodstained altar of Trog.
    94 | D        | Found a hide-covered altar of Uskayaw.
    95 | D        | Found a radiant altar of Vehumet.
    96 | D        | Found an ornate altar of the Wu Jian Council.
    97 | D        | Found a shimmering altar of Xom.
    98 | D        | Found a basalt altar of Yredelemnul.
    99 | D        | Found a glowing silver altar of Zin.
   100 | D        | Found a glowing golden altar of the Shining One.
   131 | D        | Noticed a komodo dragon
   131 | D        | Noticed a wyvern
   134 | D        | Mangled by a komodo dragon

Illustrated notes

Levels and vault maps discovered:
D:        linesprint [early_d, line_temple, items_1, d_10, items_2, lair_1,
          lair_end, items_3, orc_1, orc_end, items_4, d_15, swamp_1, shoals_1,
          snake_1, spider_1, d_20, vaults_1, items_5, swamp_end, shoals_end,
          snake_end, spider_end, vaults_end, d_27, items_6, zot_1, zot_end,
          crypt_end, forest_end, elf_end, slime_end, tomb_end, abyss_end,
          pan_hell_end]

Skill      XL: |  1  2  3  4  5 |
---------------+----------------+-----
Unarmed Combat | 5 8 9 |  9.0
Shields        | 3 5 |  5.7
Fighting       | |  2.4
Dodging        | |  2.4

Action                   |  1- 3 |  4- 6 || total
-------------------------+-------+-------++-------
Melee: Unarmed           |    21 |     9 ||    30
  Use: Potion            |     3 |       ||     3
Armor: Robe              |     2 |       ||     2
Dodge: Dodged            |     6 |       ||     6
Block: Kite shield       |     9 |     1 ||    10

Table legend: (Time is in decaauts)
 A = Elapsed time spent in this place.
 B = Non-inter-level travel time spent in this place.
 C = Inter-level travel time spent in this place.
 D = Time resting spent in this place.
 E = Time spent auto-exploring this place.
 F = Levels seen in this place.
 G = Mean time per level.
                   A        B        C        D        E       F      G
               +--------+--------+--------+--------+--------+-----+--------+
         Total |    143 |    143 |      0 |     44 |      3 |   1 |  143.0 |
       Dungeon |    143 |    143 |      0 |     44 |      3 |   1 |  143.0 |
               +--------+--------+--------+--------+--------+-----+--------+

Top non-repeatable levels by time:
       D: 143 daAuts
